 Dungeon Crawl Stone Soup version 0.27-a0-836-gfc908b8576 (webtiles) character file.

Game seed: 2978110062061710761

70 tilp the Skirmisher (level 4, 0/52 HPs)
             Began as an Ogre Warper on Apr 1, 2021.
             Was an Initiate of Okawaru.
             Succumbed to a scorpion's poison
             ... on level 2 of the Dungeon.
             The game lasted 00:04:01 (2302 turns).

tilp the Skirmisher (Ogre Warper)                   Turns: 2302, Time: 00:04:01

Health: 0/52       AC:  3    Str: 15    XL:     4   Next: 22%
Magic:  2/7        EV:  9    Int: 15    God:    Okawaru [......]
Gold:   68         SH:  0    Dex:  8    Spells: 5/7 levels left

rFire    . . .     SeeInvis .   a - +0 mace
rCold    . . .     Faith    .   (no shield)
rNeg     . . .     Spirit   .   b - +0 robe
rPois    .         Reflect  .   (helmet restricted)
rElec    .         Harm     .   (no cloak)
rCorr    .         Rampage  .   (gloves unavailable)
Will     .....                  (boots unavailable)
Stlth    +.........             (no amulet)
HPRegen  0.17/turn              (no ring)
MPRegen  0.10/turn              (no ring)

@: lethally poisoned (0 -> -5)
A: large, unfitting armour, tough skin 1
a: Renounce Religion


You were on level 2 of the Dungeon.
You worshipped Okawaru.
Okawaru was noncommittal.
You visited 1 branch of the dungeon, and saw 2 of its levels.

You collected 68 gold pieces.

Inventory:

Hand Weapons
 a - a +0 mace (weapon)
Missiles
 f - 21 stones (quivered)
Armour
 b - a +0 robe (worn)
Scrolls
 c - a scroll of noise {unknown}
 d - a scroll of blinking
 g - a scroll of fog {unknown}
 i - a scroll of identify {unknown}
 j - a scroll of brand weapon {unknown}
Potions
 h - a potion of heal wounds {unknown}


   Skills:
 + Level 5.8 Fighting
 - Level 1.7 Maces & Flails
 - Level 1.0 Throwing
 - Level 2.1 Dodging
 - Level 2.4 Spellcasting
 - Level 2.6 Translocations


You had 5 spell levels left.
You knew the following spells:

 Your Spells              Type           Power      Damage    Failure   Level
a - Blink                 Tloc           N/A        N/A       11%         2

Your spell library contained the following spells:

 Spells                   Type           Power      Damage    Failure   Level
 Gell's Gravitas          Tloc           4%         N/A       22%         3
 Lesser Beckoning         Tloc           4%         N/A       22%         3
 Teleport Other           Tloc           9%         N/A       22%         3
 Manifold Assault         Tloc           9%         N/A       89%         5


Dungeon Overview and Level Annotations

Branches:
Dungeon (2/15)

Altars:
Cheibriados
Hepliaklqana
Okawaru
Qazlal
Uskayaw
Xom


Innate Abilities, Weirdness & Mutations

You are too large for most types of armour.
You have tough skin. (AC +1)


Message History

You throw a boomerang of dispersal {!f}.
The boomerang of dispersal {!f} hits the scorpion.
The scorpion blinks!
You feel sick.
You start resting.
You feel sick. x3
You are no longer poisoned.
You start resting.
A scorpion is nearby!
A scorpion is nearby!
Casting: Blink (safe; 11% risk of failure)
Confirm with . or Enter, or press ? or * to list all spells.
You blink.
The scorpion stings you!
Casting: Blink (safe; 11% risk of failure)
Confirm with . or Enter, or press ? or * to list all spells.
You blink.
The scorpion completely misses you.
Casting: Blink (safe; 11% risk of failure)
Confirm with . or Enter, or press ? or * to list all spells.
You blink.
Casting: Blink (safe; 11% risk of failure)
Confirm with . or Enter, or press ? or * to list all spells.
You blink.
The scorpion stings you! The scorpion stings you.
* * * LOW HITPOINT WARNING * * *
You are poisoned.
The scorpion poisons you! The scorpion barely misses you.
You feel very sick.
You feel sick. The scorpion stings you!
* * * LOW HITPOINT WARNING * * *
* * * LOW HITPOINT WARNING * * *
You feel sick.
* * * LOW HITPOINT WARNING * * *
You feel sick.
* * * LOW HITPOINT WARNING * * *
You feel sick. The scorpion stings you.
* * * LOW HITPOINT WARNING * * *
* * * LOW HITPOINT WARNING * * *
You feel sick.
You die...

#..#....# #...# #.# .#
........######...###..#.# ...#
..#.....รท<##<......##.#.#.#...#
.#.#....####.......# ...#......
#._.#..............# #..#......
.#.#...#####.......# #..#....).
..#....#####.......####.#.....
.......................)..###
..##.###########@......)....#
.....# #............# ..####
#s........>..# ..###
#............# ....#
#...######.### ....#
#...######.# ....# #..........#
....# #..........# ....#
##.........#


You could see a scorpion.

Vanquished Creatures
  An adder (D:2)
  2 worms (D:2)
  3 dart slugs
  7 ball pythons
  5 bats
  2 endoplasms (D:1)
  5 goblins (D:1)
  5 hobgoblins
  4 jackals (D:1)
  A quokka (D:1)
  2 frilled lizards (D:1)
  5 kobolds
  5 rats
47 creatures vanquished.

Notes
Turn   | Place    | Note
-------+----------+-------------------------------------------
     0 | D:1      | tilp the Ogre Warper began the quest for the Orb.
     0 | D:1      | Reached XP level 1. HP: 22/22 MP: 3/3
    29 | D:1      | Reached skill level 3 in Fighting
    94 | D:1      | Reached XP level 2. HP: 25/31 MP: 5/5
    97 | D:1      | Learned a level 2 spell: Blink
   180 | D:1      | Reached skill level 4 in Fighting
   610 | D:1      | Reached XP level 3. HP: 25/40 MP: 6/6
  1110 | D:1      | Reached skill level 5 in Fighting
  1428 | D:2      | Found an iron altar of Okawaru.
  1731 | D:2      | Became a worshipper of Warmaster Okawaru
  1776 | D:2      | Reached XP level 4. HP: 24/50 MP: 7/7
  1992 | D:2      | Found a shimmering altar of Xom.
  1995 | D:2      | Found a broken altar of Ashenzari.
  1995 | D:2      | Found a stormy altar of Qazlal.
  1997 | D:2      | Found a hide-covered altar of Uskayaw.
  1997 | D:2      | Found a hazy altar of Hepliaklqana.
  1997 | D:2      | Found a snail-covered altar of Cheibriados.
  2219 | D:2      | Noticed a scorpion
  2300 | D:2      | HP: 2/52 [scorpion (2)]
  2302 | D:2      | Succumbed to a scorpion's poison

Illustrated notes

Levels and vault maps discovered:
D:1:      onia_arrival_pyramid, layout_loops_cross
D:2:      layout_basic, okawaru_metal_pillars_3, doesnt_xom_only_xom

Skill      XL: |  1  2  3 |
---------------+----------+-----
Fighting       | 3 4 5 |  5.8
Maces & Flails | |  1.7
Throwing       | |  1.0
Dodging        | |  2.1
Spellcasting   | |  2.4
Translocations | |  2.6

Action                   |  1- 3 |  4- 6 || total
-------------------------+-------+-------++-------
Melee: Mace              |   145 |    28 ||   173
Throw: Stone             |     4 |     3 ||     7
       Boomerang         |       |     5 ||     5
 Cast: Blink             |       |     6 ||     6
 Stab: Sleeping          |     1 |       ||     1
Armor: Robe              |    57 |     9 ||    66
Dodge: Dodged            |    83 |    20 ||   103

Table legend: (Time is in decaauts)
 A = Elapsed time spent in this place.
 B = Non-inter-level travel time spent in this place.
 C = Inter-level travel time spent in this place.
 D = Time resting spent in this place.
 E = Time spent auto-exploring this place.
 F = Levels seen in this place.
 G = Mean time per level.
                   A        B        C        D        E       F      G
               +--------+--------+--------+--------+--------+-----+--------+
         Total |   2359 |   2317 |     42 |    552 |   1278 |   2 | 1179.5 |
       Dungeon |   2359 |   2317 |     42 |    552 |   1278 |   2 | 1179.5 |
               +--------+--------+--------+--------+--------+-----+--------+

Top non-repeatable levels by time:
     D:1: 1468 daAuts
     D:2: 891 daAuts
